TOP OF THE 1ST |
St Charles Sheens batting - Pitching for Vista Panthers : RHP Cristóbal Santos
|
Pitching: RHP Cristóbal Santos
|
|
Batting: RHB Dan Tyler
|
0-0: Ball 1-0: Foul Ball, location: 2F 1-1: Ball 2-1: SINGLE (Line Drive, 56D)
|
Batting: LHB Jeff Carter
|
0-0: Ball 1-0: Fly out, F9 (Flyball, 9D)
|
Batting: RHB Judson Backstrom
|
0-0: SINGLE (Line Drive, 8LS) Dan Tyler to second
|
Batting: LHB Bob Ware
|
0-0: Ball 1-0: Called Strike 1-1: Swinging Strike 1-2: Ball 2-2: Ball 3-2: Grounds into double play, 5-4-3 (Groundball, 56)
|
Top of the 1st over - 0 run(s), 2 hit(s), 0 error(s), 1 left on base; St Charles 0 - Vista 0 |
BOTTOM OF THE 1ST |
Vista Panthers batting - Pitching for St Charles Sheens : RHP Joe O'Sullivan
|
Pitching: RHP Joe O'Sullivan
|
|
Batting: LHB Jesús González
|
0-0: Ball 1-0: Called Strike 1-1: Ball 2-1: Ball 3-1: Ground out 1-3 (Groundball, 15)
|
Batting: RHB Roberto Cruz
|
0-0: Fly out, F7 (Flyball, 7M)
|
Batting: LHB Pablo Rivas
|
0-0: Called Strike 0-1: Ball 1-1: Ball 2-1: Ground out 5-3 (Groundball, 56S)
|
Bottom of the 1st over - 0 run(s), 0 hit(s), 0 error(s), 0 left on base; St Charles 0 - Vista 0 |
TOP OF THE 2ND |
St Charles Sheens batting - Pitching for Vista Panthers : RHP Cristóbal Santos
|
Batting: RHB Guo-xiu Choi
|
0-0: Ball 1-0: Ground out 5-3 (Groundball, 5)
|
Batting: LHB Gene Cooper
|
0-0: Ball 1-0: Ball 2-0: Fly out, F5 (Popup, 5F)
|
Batting: RHB Max Rash
|
0-0: Ground out 4-3 (Groundball, 4)
|
Top of the 2nd over - 0 run(s), 0 hit(s), 0 error(s), 0 left on base; St Charles 0 - Vista 0 |
BOTTOM OF THE 2ND |
Vista Panthers batting - Pitching for St Charles Sheens : RHP Joe O'Sullivan
|
Batting: RHB Wilson López
|
0-0: Called Strike 0-1: Ball 1-1: Fly out, F8 (Flyball, 8LXD)
|
Batting: LHB António Glaviz
|
0-0: Ball 1-0: Called Strike 1-1: Fly out, F6 (Popup, 6)
|
Batting: RHB Andrew Good
|
0-0: Ball 1-0: SINGLE (Line Drive, 6M)
|
Batting: RHB John Mendelson
|
0-0: Called Strike 0-1: Foul Ball, location: 2F 0-2: Ball 1-2: Ground out 5-3 (Groundball, 5)
|
Bottom of the 2nd over - 0 run(s), 1 hit(s), 0 error(s), 1 left on base; St Charles 0 - Vista 0 |
TOP OF THE 3RD |
St Charles Sheens batting - Pitching for Vista Panthers : RHP Cristóbal Santos
|
Batting: LHB Katsumi Morishita
|
0-0: Called Strike 0-1: Ground out 4-3 (Groundball, 4M)
|
Batting: SHB Richard Bowman
|
0-0: Called Strike 0-1: Swinging Strike 0-2: Foul Ball, location: 2F 0-2: SINGLE (Line Drive, 8LS)
|
Batting: RHB Dan Tyler
|
0-0: Called Strike 0-1: Foul Ball, location: 2F 0-2: Strikes out looking
|
Batting: LHB Jeff Carter
|
0-0: Ball 1-0: Ball 2-0: Ball 3-0: Called Strike 3-1: Base on Balls Richard Bowman to second
|
Batting: RHB Judson Backstrom
|
0-0: TRIPLE (Flyball, 9LD) Richard Bowman scores Jeff Carter scores
|
Batting: LHB Bob Ware
|
0-0: SINGLE (Groundball, 34D) Judson Backstrom scores
|
Batting: RHB Guo-xiu Choi
|
0-0: Ball Bob Ware is caught stealing 2nd base
|
Top of the 3rd over - 3 run(s), 3 hit(s), 0 error(s), 0 left on base; St Charles 3 - Vista 0 |
BOTTOM OF THE 3RD |
Vista Panthers batting - Pitching for St Charles Sheens : RHP Joe O'Sullivan
|
Batting: RHB Jason Jackson
|
0-0: Swinging Strike 0-1: Ball 1-1: Reached on error, E4 (Groundball, 4M)
|
Batting: RHB Luis Castillo
|
0-0: Ball 1-0: Foul Ball, location: 2F 1-1: Ground out 5-3 (Groundball, 5S) Jason Jackson to third
|
Batting: LHB Jesús González
|
0-0: Called Strike 0-1: Ball 1-1: Ball 2-1: Called Strike 2-2: Strikes out swinging
|
Batting: RHB Roberto Cruz
|
0-0: Called Strike 0-1: SINGLE (Line Drive, 78S) Jason Jackson scores
|
Batting: LHB Pablo Rivas
|
0-0: Called Strike 0-1: Foul Ball, location: 2F 0-2: Ball 1-2: Ball 2-2: Fielders Choice at 2nd, U4 (Groundball, 4M)
|
Bottom of the 3rd over - 1 run(s), 1 hit(s), 1 error(s), 1 left on base; St Charles 3 - Vista 1 |
TOP OF THE 4TH |
St Charles Sheens batting - Pitching for Vista Panthers : RHP Cristóbal Santos
|
Batting: RHB Guo-xiu Choi
|
0-0: Ball 1-0: Ground out 6-3 (Groundball, 56)
|
Batting: LHB Gene Cooper
|
0-0: Ball 1-0: Ball 2-0: Foul Ball, location: 2F 2-1: Foul Ball, location: 2F 2-2: Foul Ball, location: 2F 2-2: Ball 3-2: Fly out, F7 (Line Drive, 7LM)
|
Batting: RHB Max Rash
|
0-0: Ground out 5-3 (Groundball, 5L)
|
Top of the 4th over - 0 run(s), 0 hit(s), 0 error(s), 0 left on base; St Charles 3 - Vista 1 |
BOTTOM OF THE 4TH |
Vista Panthers batting - Pitching for St Charles Sheens : RHP Joe O'Sullivan
|
Batting: RHB Wilson López
|
0-0: Ball 1-0: Ground out 5-3 (Groundball, 56S)
|
Batting: LHB António Glaviz
|
0-0: Swinging Strike 0-1: Ball 1-1: Called Strike 1-2: Ball 2-2: Strikes out swinging
|
Batting: RHB Andrew Good
|
0-0: Ball 1-0: Called Strike 1-1: Swinging Strike 1-2: Ball 2-2: Ground out 2-3 (Groundball, 25)
|
Bottom of the 4th over - 0 run(s), 0 hit(s), 0 error(s), 0 left on base; St Charles 3 - Vista 1 |
TOP OF THE 5TH |
St Charles Sheens batting - Pitching for Vista Panthers : RHP Cristóbal Santos
|
Batting: LHB Katsumi Morishita
|
0-0: Called Strike 0-1: Ball 1-1: Foul Ball, location: 2F 1-2: Ball 2-2: Ground out 3-1 (Groundball, 34)
|
Batting: SHB Richard Bowman
|
0-0: Ball 1-0: Called Strike 1-1: Ball 2-1: Ball 3-1: Foul Ball, location: 2F 3-2: SINGLE (Groundball, 4M)
|
Batting: RHB Dan Tyler
|
0-0: Ball 1-0: Foul Ball, location: 2F 1-1: Ball 2-1: Grounds into double play, U6-3 (Groundball, 6)
|
Top of the 5th over - 0 run(s), 1 hit(s), 0 error(s), 0 left on base; St Charles 3 - Vista 1 |
BOTTOM OF THE 5TH |
Vista Panthers batting - Pitching for St Charles Sheens : RHP Joe O'Sullivan
|
Batting: RHB John Mendelson
|
0-0: Called Strike 0-1: Ball 1-1: Swinging Strike 1-2: Ball 2-2: Ball 3-2: DOUBLE (Line Drive, 9LS)
|
Batting: RHB Jason Jackson
|
0-0: Ball 1-0: Foul Ball, location: 2F 1-1: Ball 2-1: Ball 3-1: Foul Ball, location: 2F 3-2: Foul Ball, location: 2F 3-2: Foul Ball, location: 2F 3-2: Strikes out swinging
|
Batting: RHB Luis Castillo
|
0-0: Ball John Mendelson steals 3rd base 1-0: Ball 2-0: Fly out, F9 (Flyball, 9M) Runner from 3rd tags up, SCORES, no throw
|
Batting: LHB Jesús González
|
0-0: Swinging Strike 0-1: Called Strike 0-2: Ball 1-2: Ball 2-2: Foul Ball, location: 2F 2-2: Ball 3-2: Base on Balls
|
Batting: RHB Roberto Cruz
|
0-0: Swinging Strike 0-1: Swinging Strike 0-2: Strikes out looking
|
Bottom of the 5th over - 1 run(s), 1 hit(s), 0 error(s), 1 left on base; St Charles 3 - Vista 2 |
TOP OF THE 6TH |
St Charles Sheens batting - Pitching for Vista Panthers : RHP Cristóbal Santos
|
Batting: LHB Jeff Carter
|
0-0: Ball 1-0: Ground out U3 (Groundball, 3S)
|
Batting: RHB Judson Backstrom
|
0-0: Foul Ball, location: 2F 0-1: Ball 1-1: Foul Ball, location: 2F 1-2: Strikes out looking
|
Batting: LHB Bob Ware
|
0-0: Ball 1-0: Called Strike 1-1: Fly out, F8 (Flyball, 8LXD)
|
Top of the 6th over - 0 run(s), 0 hit(s), 0 error(s), 0 left on base; St Charles 3 - Vista 2 |
BOTTOM OF THE 6TH |
Vista Panthers batting - Pitching for St Charles Sheens : RHP Joe O'Sullivan
|
Batting: LHB Pablo Rivas
|
0-0: SINGLE (Groundball, 3D)
|
Batting: RHB Wilson López
|
0-0: Called Strike Pablo Rivas steals 2nd base 0-1: Ball 1-1: Swinging Strike 1-2: Ball 2-2: Ground out 5-3 (Groundball, 56)
|
Batting: LHB António Glaviz
|
0-0: Ball 1-0: Ball 2-0: Called Strike 2-1: Ground out 4-3 (Groundball, 4) Pablo Rivas to third
|
Batting: RHB Andrew Good
|
0-0: Called Strike 0-1: Ball 1-1: Foul Ball, location: 2F 1-2: Strikes out swinging
|
Bottom of the 6th over - 0 run(s), 1 hit(s), 0 error(s), 1 left on base; St Charles 3 - Vista 2 |
TOP OF THE 7TH |
St Charles Sheens batting - Pitching for Vista Panthers : RHP Cristóbal Santos
|
Batting: RHB Guo-xiu Choi
|
0-0: Swinging Strike 0-1: Ball 1-1: Ball 2-1: Ball 3-1: Ground out 1-3 (Groundball, 13S)
|
Batting: LHB Gene Cooper
|
0-0: Called Strike 0-1: Ball 1-1: Ball 2-1: Ground out 1-3 (Groundball, 23)
|
Batting: RHB Max Rash
|
0-0: Ball 1-0: Foul Ball, location: 2F 1-1: Called Strike 1-2: DOUBLE (Flyball, 8RXD)
|
Pitching: LHP Jung-keun Yi
|
|
Batting: LHB Katsumi Morishita
|
0-0: Called Strike 0-1: Ball 1-1: Fly out, F7 (Flyball, 7LM)
|
Top of the 7th over - 0 run(s), 1 hit(s), 0 error(s), 1 left on base; St Charles 3 - Vista 2 |
BOTTOM OF THE 7TH |
Vista Panthers batting - Pitching for St Charles Sheens : RHP Joe O'Sullivan
|
Batting: RHB John Mendelson
|
0-0: Ground out 5-3 (Groundball, 5S)
|
Batting: RHB Jason Jackson
|
0-0: Swinging Strike 0-1: Called Strike 0-2: Ball 1-2: Ball 2-2: Fly out, F8 (Flyball, 8RD)
|
Batting: RHB Luis Castillo
|
0-0: Foul Ball, location: 2F 0-1: Ball 1-1: Fly out, F8 (Flyball, 8RS)
|
Bottom of the 7th over - 0 run(s), 0 hit(s), 0 error(s), 0 left on base; St Charles 3 - Vista 2 |
TOP OF THE 8TH |
St Charles Sheens batting - Pitching for Vista Panthers : LHP Jung-keun Yi
|
Batting: SHB Richard Bowman
|
0-0: Called Strike 0-1: Foul Ball, location: 2F 0-2: Foul Ball, location: 2F 0-2: Ball 1-2: Fly out, F8 (Flyball, 8RS)
|
Batting: RHB Dan Tyler
|
0-0: Called Strike 0-1: Called Strike 0-2: Strikes out swinging
|
Batting: LHB Jeff Carter
|
0-0: Ball 1-0: Foul Ball, location: 2F 1-1: Ball 2-1: Swinging Strike 2-2: SOLO HOME RUN (Flyball, 9D), Distance : 398 ft
|
Batting: RHB Judson Backstrom
|
0-0: Ball 1-0: Swinging Strike 1-1: Ball 2-1: Foul Ball, location: 2F 2-2: Foul Ball, location: 2F 2-2: Ball 3-2: Fly out, F2 (Popup, 2RF)
|
Top of the 8th over - 1 run(s), 1 hit(s), 0 error(s), 0 left on base; St Charles 4 - Vista 2 |
BOTTOM OF THE 8TH |
Vista Panthers batting - Pitching for St Charles Sheens : RHP Joe O'Sullivan
|
Pitching: LHP Shan Liu
|
|
Batting: LHB Jesús González
|
0-0: Ball 1-0: Called Strike 1-1: Ball 2-1: Foul Ball, location: 2F 2-2: Fly out, F6 (Popup, 6M)
|
Batting: RHB Roberto Cruz
|
0-0: Called Strike 0-1: Called Strike 0-2: Foul Ball, location: 2F 0-2: Ground out 5-3 (Groundball, 56)
|
Batting: LHB Pablo Rivas
|
0-0: Called Strike 0-1: DOUBLE (Flyball, 7LM)
|
Pitching: LHP Francisco Moreno
|
|
Batting: RHB Wilson López
|
0-0: Called Strike 0-1: Ball 1-1: Ball 2-1: Ball 3-1: Ground out 5-3 (Groundball, 5S)
|
Bottom of the 8th over - 0 run(s), 1 hit(s), 0 error(s), 1 left on base; St Charles 4 - Vista 2 |
TOP OF THE 9TH |
St Charles Sheens batting - Pitching for Vista Panthers : LHP Jung-keun Yi
|
Batting: LHB Bob Ware
|
0-0: Ball 1-0: Ground out 1-3 (Groundball, 15)
|
Batting: RHB Guo-xiu Choi
|
0-0: Ball 1-0: Called Strike 1-1: Foul Ball, location: 2F 1-2: Ground out 6-3 (Groundball, 6D)
|
Batting: LHB Gene Cooper
|
0-0: Ball 1-0: Fly out, F4 (Line Drive, 34)
|
Top of the 9th over - 0 run(s), 0 hit(s), 0 error(s), 0 left on base; St Charles 4 - Vista 2 |
BOTTOM OF THE 9TH |
Vista Panthers batting - Pitching for St Charles Sheens : LHP Francisco Moreno
|
Pitching: RHP Juan Rivera
|
|
Batting: LHB António Glaviz
|
0-0: Swinging Strike 0-1: Called Strike 0-2: Strikes out swinging
|
Batting: RHB Andrew Good
|
0-0: SINGLE (Line Drive, 4D)
|
Batting: RHB John Mendelson
|
0-0: Foul Ball, location: 2F 0-1: Foul Ball, location: 2F 0-2: Ball Passed Ball! Andrew Good to second 1-2: Ball 2-2: Ball 3-2: Strikes out looking
|
Pinch Hitting: LHB Harry Pitts
|
0-0: Ball 1-0: Swinging Strike 1-1: Ball 2-1: Swinging Strike 2-2: SINGLE (Groundball, 34D) Andrew Good to third Runner from 3rd tries for Home, SAFE, no throw or cutoff
|
Batting: RHB Luis Castillo
|
0-0: Called Strike 0-1: Ball 1-1: Called Strike 1-2: Ball 2-2: Foul Ball, location: 2F 2-2: Ground out 1-3 (Groundball, 23)
|
Bottom of the 9th over - 1 run(s), 2 hit(s), 0 error(s), 1 left on base; St Charles 4 - Vista 3 |
|